[Event "European Rapid Championship 2021"]
[Site "Katowice"]
[Date "2021.12.18"]
[Round "5.20"]
[White "Kos, Pawel"]
[Black "Malczyk, Radoslaw"]
[Result "1/2-1/2"]
[ECO "A05"]
[WhiteElo "2199"]
[BlackElo "1926"]
[Annotator "NA"]
[PlyCount "174"]
[EventDate "2021.12.18"]
[EventType "swiss"]
[EventCountry "POL"]
[SourceTitle "playchess.com"]
[Source "ChessBase"]
[SourceQuality "1"]
[TimeControl "900+10"]

1. Nf3 Nf6 2. g3 g6 3. Bg2 Bg7 4. O-O O-O 5. a3 c5 6. c3 c4 7. d4 cxd3 8. exd3 Nc6 9. b4 a6 10. Re1 b5 11. a4 Bb7 12. Bd2 Nd5 13.
Ra2 Nb6 14. axb5 axb5 15. Na3 Nd5 16. Qb3 Nc7 17. Bg5 h6 18.
Be3 Rb8 19. Bf4 d6 20. d4 Na7 21. Rae2 e6 22. Qb2 Bd5 23. h4 Nc8 24. Nd2 Qd7 25. Nb3 Nb6 26. Na5 Bxg2 27. Kxg2 Ncd5 28. Qd2 Kh7 29. h5 Nxf4+ 30. Qxf4 Nd5 31. hxg6+ fxg6 32. Qd2 e5 33. Re4 exd4 34. cxd4 Qf5 35. Nc2 Qf3+ 36. Kg1 Rf5 37. Rh4 Rbf8 38. Re2 Nc3 39. Re3 Qd1+ 40. Qxd1 Nxd1 41. Rh2 Nxe3 42. Nxe3 R5f7 43. Nc6 Ra8 44. d5 Ra1+ 45. Kg2 g5 46. Nd8 Rfa7 47. Ne6 Kg6 48. g4 Be5 49. Rh3 R7a4 50. Nf5 Rxb4 51. Rxh6+ Kf7 52. Rh7+ Kg8 53. Rb7 Rxg4+ 54. Kf3 Rf4+ 55. Nxf4 Bxf4 56. Nh6+ Kf8 57. Rxb5 Kg7 58. Nf5+ Kf6 59. Nd4 Be5 60. Nc6 Ra3+ 61. Kg4 Ra4+ 62. Rb4 Ra1 63. Rb5 Rg1+ 64. Kf3 g4+ 65. Ke2 Kf5 66. Rb4 Ra1 67. Ne7+ Kg5 68. Nc6 Bf4 69. Nd4 Ra2+ 70. Kf1 Be5 71. Nc6 Rd2 72. Rb5 Kf4 73. Rb4+ Kg5 74. Rb5 Bf4 75. Ke1 Ra2 76. Nd4 Be5 77. Nc6 Kf5 78. Ne7+ Ke4 79. Rb4+ Kf3 80. Rb3+ Kg2 81. Nf5 Rxf2 82. Ne3+ Kg1 83. Nxg4 Rf5 84. Ke2 Bf4 85. Kf3 Be5+ 86. Ke2 Bf4 87. Kf3 Be5+ 1/2-1/2

[Event "European Rapid Championship 2021"]
[Site "Katowice"]
[Date "2021.12.18"]
[Round "5.20"]
[White "Batashevs, Arsens"]
[Black "Kalogeris, Ioannis"]
[Result "0-1"]
[ECO "A06"]
[WhiteElo "2165"]
[BlackElo "2357"]
[Annotator "NA"]
[PlyCount "128"]
[EventDate "2021.12.18"]
[EventType "swiss"]
[EventCountry "POL"]
[SourceTitle "playchess.com"]
[Source "ChessBase"]
[SourceQuality "1"]
[TimeControl "900+10"]

1. Nf3 d5 2. c4 c6 3. e3 Nf6 4. b3 Bg4 5. Bb2 e6 6. Be2 Nbd7 7. d4 Bb4+ 8.
Nbd2 Ne4 9. O-O Nc3 10. Bxc3 Bxc3 11. Rc1 Bb4 12. e4 Bxf3 13. Bxf3 Qg5 14. Rc2 O-O 15. cxd5 cxd5 16. exd5 exd5 17. Nb1 Rac8 18. Qd3 Nb6 19. g3 Rxc2 20. Qxc2 Rc8 21. Qd3 Rc1 22. Rxc1 Qxc1+ 23. Kg2 g6 24. a3 Bxa3 25. Nc3 Bb2 26. Nxd5 Nxd5 27. Bxd5 Qc3 28. Qb5 Qc7 29. Qd3 Qd7 30. Qe4 b5 31. h4 a5 32. g4 Kg7 33. Qe5+ f6 34. Qe4 Qd6 35. b4 axb4 36. Bb3 Qd7 37. f3 Bxd4 38. Qa8 Qe7 39. Qg8+ Kh6 40. Kf1 Bc3 41. g5+ fxg5 42. hxg5+ Kxg5 43. Qd5+ Qe5 44. Qd8+ Qf6 45. Qd5+ Qf5 46. Qd8+ Bf6 47. Qd2+ Qf4 48. Qg2+ Kh6 49. Qh3+ Bh4 50. Ke2 Qd4 51. Qe6 Qf2+ 52. Kd3 Qxf3+ 53. Kd2 Qc3+ 54. Kd1 Bg5 55. Qd5 Qc1+ 56. Ke2 Qe3+ 57. Kd1 Bf4 58. Qh1+ Kg5 59. Qg2+ Kh4 60. Qd5 h5 61. Qh1+ Kg3 62. Qd5 Kf2 63. Kc2 Qc1+ 64. Kd3 Qd2+ 0-1

[Event "European Rapid Championship 2021"]
[Site "Katowice"]
[Date "2021.12.18"]
[Round "5.21"]
[White "Cukrowski, Filip"]
[Black "Musial, Tomasz"]
[Result "1-0"]
[ECO "E19"]
[WhiteElo "2373"]
[BlackElo "1916"]
[Annotator "NA"]
[PlyCount "91"]
[EventDate "2021.12.18"]
[EventType "swiss"]
[EventCountry "POL"]
[SourceTitle "playchess.com"]
[Source "ChessBase"]
[SourceQuality "1"]
[TimeControl "900+10"]

1. Nf3 Nf6 2. g3 b6 3. Bg2 Bb7 4. d4 e6 5. c4 Be7 6. O-O O-O 7. Nc3 Ne4 8. Qc2 Nxc3 9. Qxc3 c5 10. Be3 Bf6 11. Rfd1 Nc6 12. Qd2 Nxd4 13. Nxd4 Bxg2 14. Kxg2 cxd4 15. Bxd4 Bxd4 16. Qxd4 Qc7 17. b3 Rfd8 18. e4 d6 19. Rd3 Rd7 20. Rad1 Rad8 21. Qe3 Qc5 22. Qd2 a5 23. f3 Kf8 24. h4 a4 25. Rd4 axb3 26. axb3 Qa3 27. Qc3 Rc8 28. Ra1 Qc5 29. Qd3 Rb8 30. Rd1 Ke7 31. Qc3 Ra8 32. b4 Ra2+ 33. Kh3 Qh5 34. c5 bxc5 35. bxc5 d5 36. c6 Rc7 37. Qb4+ Kf6 38.
e5+ Qxe5 39. Rf4+ Kg6 40. Qb1+ f5 41. Qxa2 Rxc6 42. Qd2 Qc7 43. g4 Rc2 44. gxf5+ Kh5 45. Qe3 d4 46. Qe4 1-0

[Event "European Rapid Championship 2021"]
[Site "Katowice"]
[Date "2021.12.18"]
[Round "5.21"]
[White "Grabarczyk, Miroslaw"]
[Black "Nytra, Ondrej"]
[Result "1/2-1/2"]
[ECO "D30"]
[WhiteElo "2373"]
[BlackElo "1798"]
[Annotator "NA"]
[PlyCount "98"]
[EventDate "2021.12.18"]
[EventType "swiss"]
[EventCountry "POL"]
[SourceTitle "playchess.com"]
[Source "ChessBase"]
[SourceQuality "1"]
[TimeControl "900+10"]

1. d4 d5 2. c4 e6 3. Nf3 c6 4. Qc2 Nf6 5. g3 dxc4 6. Qxc4 b5 7. Qc2 Bb7 8. Bg2 Nbd7 9. Nfd2 Qb6 10. Nb3 c5 11. dxc5 Nxc5 12. Bxb7 Qxb7 13. O-O Rc8 14. Nxc5 Bxc5 15. Qb3 h5 16. Qf3 Qxf3 17. exf3 Bd4 18. a4 b4 19. Nd2 Nd5 20. Nb3 Bf6 21. Rb1 O-O 22. Bd2 Rc2 23. Rfc1 Rxb2 24. Rxb2 Bxb2 25. Rc4 Rb8 26. Be3 a5 27. Rc5 Nxe3 28. fxe3 Rd8 29. Nxa5 Rd3 30. Rb5 Rxe3 31. Rxb4 Bc3 32. Rb8+ Kh7 33. Nc6 Re1+ 34. Kf2 Ra1 35. Rb5 Rxa4 36. Rxh5+ Kg6 37. Rc5 Ra2+ 38. Kg1 Bf6 39. Rc4 Kh5 40. h4 g5 41. hxg5 Kxg5 42. Rc5+ Kg6 43. Rc4 Rd2 44. Kf1 Kf5 45. Rf4+ Kg6 46. Rg4+ Kh5 47. Rf4 Kg6 48. Rg4+ Kh6 49. Rf4 Kg6 1/2-1/2

[Event "European Rapid Championship 2021"]
[Site "Katowice"]
[Date "2021.12.18"]
[Round "5.22"]
[White "Andrejczuk, Beata"]
[Black "Flasinski, Michal"]
[Result "0-1"]
[ECO "B10"]
[WhiteElo "1925"]
[BlackElo "2195"]
[Annotator "NA"]
[PlyCount "80"]
[EventDate "2021.12.18"]
[EventType "swiss"]
[EventCountry "POL"]
[SourceTitle "playchess.com"]
[Source "ChessBase"]
[SourceQuality "1"]
[TimeControl "900+10"]

1. e4 c6 2. Nc3 d5 3. f4 dxe4 4. Nxe4 Nd7 5. Nf3 Ngf6 6. Nf2 e6 7. d4 c5 8. c3 b6 9. Bd3 Bb7 10. O-O cxd4 11. Nxd4 Be7 12. Re1 O-O 13. Ng4 Nc5 14. Bc2 Qd5 15. Qe2 Rfe8 16. b4 Nce4 17. Bb2 Rac8 18. Nxf6+ Nxf6 19. Bb3 Qh5 20. Qxh5 Nxh5 21.
Nxe6 fxe6 22. Bxe6+ Kf8 23. Bxc8 Rxc8 24. Re5 Nf6 25. Rd1 Rc4 26. g3 Bf3 27. Rd3 Be4 28. Re3 Bd6 29. Re6 Bc7 30. b5 Kf7 31. f5 Bxf5 32. Re7+ Kg6 33. Re1 Bd6 34. Rxa7 Ne4 35. Ba3 Be5 36. Bb4 Bf6 37. Rb7 Nxc3 38. Bxc3 Bxc3 39. Rf1 Bd4+ 40. Kg2 Be4+ 0-1

[Event "European Rapid Championship 2021"]
[Site "Katowice"]
[Date "2021.12.18"]
[Round "5.23"]
[White "Lewtak, Damian"]
[Black "Malinowski, Damian"]
[Result "1-0"]
[ECO "D00"]
[WhiteElo "2185"]
[BlackElo "1885"]
[Annotator "NA"]
[PlyCount "95"]
[EventDate "2021.12.18"]
[EventType "swiss"]
[EventCountry "POL"]
[SourceTitle "playchess.com"]
[Source "ChessBase"]
[SourceQuality "1"]
[TimeControl "900+10"]

1. c3 d5 2. d4 Nf6 3. Bf4 e6 4. e3 Bd6 5. Nd2 O-O 6. Bd3 b6 7. Bg3 Bb7 8. Qc2 c5 9. Ngf3 Nc6 10.
O-O Bxg3 11. hxg3 h6 12. Rfe1 Rc8 13. Rac1 Re8 14. Bb5 a6 15. Bxc6 Bxc6 16. Ne5 Qd6 17. f4 Nd7 18. Ndf3 Nxe5 19. dxe5 Qc7 20. g4 Qb7 21. Qf2 Rcd8 22. Red1 Rd7 23. Rd2 Red8 24. Rcd1 b5 25. b4 d4 26. exd4 Bxf3 27. Qxf3 Qxf3 28. gxf3 cxb4 29. cxb4 Rc7 30. Kf2 Rc4 31. a3 Rc3 32. Rd3 Rc2+ 33. R1d2 Rc1 34. d5 exd5 35. Rxd5 Rxd5 36. Rxd5 Rc3 37. Rd8+ Kh7 38. f5 Rc6 39. Ke3 g6 40. fxg6+ fxg6 41. Rd7+ Kg8 42. f4 h5 43. gxh5 gxh5 44. f5 h4 45. e6 h3 46. Rd8+ Kg7 47. e7 Rc3+ 48. Ke4 1-0

[Event "European Rapid Championship 2021"]
[Site "Katowice"]
[Date "2021.12.18"]
[Round "5.24"]
[White "Vetoshko, Volodymyr"]
[Black "Praczukowski, Stanislaw"]
[Result "1-0"]
[ECO "B92"]
[WhiteElo "2483"]
[BlackElo "2082"]
[Annotator "ChessBase"]
[PlyCount "95"]
[EventDate "2021.12.18"]
[EventType "swiss"]
[EventCountry "POL"]
[SourceTitle "playchess.com"]
[Source "ChessBase"]
[SourceQuality "1"]
[TimeControl "900+10"]

1. e4 c5 2. Nf3 d6 3. d4 cxd4 4. Nxd4 Nf6 5. Nc3 a6 6. Be2 e5 7. Nb3 Be7 8. Bg5 Be6 9. Bxf6 Bxf6 10. Qd3 O-O 11. O-O-O Be7 12. Nd5 Bxd5 13. Qxd5 Nc6 14. Kb1 a5 15. a4 Rc8 16. c3 Qb6 17. Rhf1 Kh8 18.
g3 Bf6 19. Nd2 Ne7 20. Qb5 Qa7 21. Nb3 Rc6 22. Qxa5 Qb8 23. Bb5 Rc7 24. Qb4 Nc8 25. Nd2 Be7 26. Qb3 Nb6 27. f4 exf4 28. gxf4 Nd7 29. Bxd7 Rxd7 30. Nc4 Qc7 31. Nb6 Rdd8 32. Nd5 Qd7 33. f5 Rfe8 34. Qc4 Bf8 35. Qd4 Qc6 36. f6 g6 37. Ne7 Qa6 38. Rf3 Ra8 39. e5 dxe5 40.
Qh4 Qxa4 41. Qxa4 Rxa4 42. Rd7 e4 43. Re3 Bh6 44. Re2 Bg5 45.
Nd5 Kg8 46. Rxb7 e3 47. Kc2 Ra6 48. Nc7 1-0

[Event "European Rapid Championship 2021"]
[Site "Katowice"]
[Date "2021.12.18"]
[Round "5.24"]
[White "Mulet, Piotr"]
[Black "Savicevs, Arsenijs"]
[Result "0-1"]
[ECO "B22"]
[WhiteElo "2175"]
[BlackElo "1881"]
[Annotator "NA"]
[PlyCount "110"]
[EventDate "2021.12.18"]
[EventType "swiss"]
[EventCountry "POL"]
[SourceTitle "playchess.com"]
[Source "ChessBase"]
[SourceQuality "1"]
[TimeControl "900+10"]

1. e4 c5 2. c3 d5 3. exd5 Qxd5 4. d4 e6 5. Nf3 Nf6 6. Na3 cxd4 7. Nb5 Na6 8. Qxd4 Bc5 9. Qxd5 Nxd5 10. Bc4 Nac7 11. Nxc7+ Nxc7 12. Bf4 Bb6 13. a4 a5 14. O-O f6 15. Bxc7 Bxc7 16. Nd4 e5 17. Nb5 Bb6 18. Rfd1 Bg4 19. Rd2 Ke7 20. h3 Bd7 21. Rad1 Rhd8 22. Bd5 Bxb5 23. axb5 Rab8 24. Kf1 Bc5 25. h4 b6 26. Rd3 Rd6 27. h5 Rbd8 28. c4 f5 29. b3 Rh6 30. Rh3 e4 31. f3 g6 32. fxe4 fxe4 33.
Ke2 Rxh5 34. Rxh5 gxh5 35. Rh1 Kf6 36. Bxe4 Kg5 37. Rf1 Rf8 38. Bf3 Re8+ 39. Kd2 h4 40. Kc2 Re3 41. Rh1 h6 42. Rf1 Bd4 43. Rd1 Rc3+ 44. Kd2 Rxb3 45. Ke2 Re3+ 46. Kf1 Bc5 47. Rd5+ Kf6 48. Rh5 Kg6 49. Rxh4 a4 50. Rg4+ Kf5 51. Rg8 a3 52. Ra8 Rc3 53. Bd5 Rc2 54. Ke1 a2 55. Kd1 Rb2 0-1

[Event "European Rapid Championship 2021"]
[Site "Katowice"]
[Date "2021.12.18"]
[Round "5.25"]
[White "Diermair, Andreas"]
[Black "Kowalczyk, Rafal"]
[Result "1-0"]
[ECO "E50"]
[WhiteElo "2408"]
[BlackElo "2235"]
[Annotator "ChessBase"]
[PlyCount "167"]
[EventDate "2021.12.18"]
[EventType "swiss"]
[EventCountry "POL"]
[SourceTitle "playchess.com"]
[Source "ChessBase"]
[SourceQuality "1"]
[TimeControl "900+10"]

1. d4 Nf6 2. c4 e6 3. Nc3 Bb4 4. e3 O-O 5. Nf3 b6 6. Bd2 Bb7 7. Bd3 Bxc3 8.
Bxc3 Ne4 9. Bxe4 Bxe4 10. d5 exd5 11. Qd4 f6 12. cxd5 Re8 13.
O-O-O d6 14. Ng5 Qe7 15. Ne6 Bf5 16. Nf4 Nd7 17. Rhe1 Qe4 18.
Qxe4 Bxe4 19. f3 Bg6 20. g4 Ne5 21. Bxe5 fxe5 22. Nxg6 hxg6 23. Kd2 Re7 24. Kd3 e4+ 25. fxe4 Rae8 26. Rc1 g5 27. h3 Kh7 28. Rc4 Kg6 29. Rf1 b5 30. Rb4 a5 31. Rxb5 Rxe4 32. Rf3 a4 33.
Rb7 R4e7 34. Rb4 Re5 35. e4 Ra8 36. a3 Ra6 37. Rc4 Re7 38.
Kc2 Ra7 39. Kc3 Re8 40. Kd4 Rb8 41. Rb4 Re8 42. Rf5 Rh8 43.
Rf3 Re8 44. Rc4 Rb8 45. Rf2 Re8 46. Rb4 Rh8 47. Rf3 Re8 48.
Rc3 Rf8 49. Re3 Ra5 50. e5 Rf4+ 51. Re4 dxe5+ 52. Kxe5 Rf3 53. Rbc4 Rd3 54. Rc6+ Kh7 55. Rd4 Re3+ 56. Kf5 Re7 57. Kxg5 Rb5 58. Rc2 c5 59. Rxa4 Re5+ 60. Kf4 Rxd5 61. Rac4 Kg6 62. h4 Kf6 63. a4 Ra5 64. Re4 Rd1 65. g5+ Kf7 66. Rce2 Ra7 67. Rf2 Rg1 68. Ke5+ Kg6 69. Kd5 Rc1 70. b3 Rc3 71. Rb2 Rd7+ 72. Kc6 Rdd3 73. Rc4 Rxb3 74. Rxb3 Rxb3 75. Kxc5 Kf5 76. a5 Ke6 77. Kc6 Ra3 78. Rc5 g6 79. Kb6 Rb3+ 80. Rb5 Ra3 81. a6 Kd7 82. a7 Kc8 83. Rc5+ Kd7
84. Ra5 1-0

[Event "European Rapid Championship 2021"]
[Site "Katowice"]
[Date "2021.12.18"]
[Round "5.25"]
[White "Spanos, Nomikos"]
[Black "Rudnicki, Milosz"]
[Result "0-1"]
[ECO "A06"]
[WhiteElo "1914"]
[BlackElo "2200"]
[Annotator "NA"]
[PlyCount "94"]
[EventDate "2021.12.18"]
[EventType "swiss"]
[EventCountry "POL"]
[SourceTitle "playchess.com"]
[Source "ChessBase"]
[SourceQuality "1"]
[TimeControl "900+10"]

1. Nf3 d5 2. b3 Nf6 3. Bb2 Bf5 4. g3 e6 5. Bg2 c6 6. O-O Be7 7. d3 O-O 8. Nbd2 h6 9. Re1 a5 10. h3 Bh7 11. e4 dxe4 12. Nxe4 Nbd7 13. a4 Qc7 14. Qe2 Rfd8 15. Nd4 Nxe4 16. Bxe4 Bxe4 17. Qxe4 Bf6 18. Rab1 Qd6 19. Nf3 Bxb2 20. Rxb2 Nf6 21. Qe5 Qb4 22. Rbb1 Rd5 23. Qe2 Rad8 24. Nd2 b5 25. axb5 cxb5 26. Ne4 Nxe4 27. Qxe4 Qxe4 28. Rxe4 Rc5 29. Rb2 b4 30. Kf1 Kf8 31. Ke2 Ke7 32. Kd2 Rdd5 33. Rb1 Kd6 34. Rc4 Rxc4 35. bxc4 Rf5 36. Ke3 Kc5 37. f4 g5 38. Ra1 Kb6 39. d4 gxf4+ 40. gxf4 Rh5 41. c5+ Kb5 42. Ke4 Rxh3 43. Rg1 a4 44. Rg7 a3 45. Rxf7 a2 46. Rb7+ Kc6 47. Rb6+ Kc7 0-1

[Event "European Rapid Championship 2021"]
[Site "Katowice"]
[Date "2021.12.18"]
[Round "5.26"]
[White "Mikhaletz, Lubomir"]
[Black "Wikar, Martyna"]
[Result "1-0"]
[ECO "B32"]
[WhiteElo "2166"]
[BlackElo "2168"]
[Annotator "NA"]
[PlyCount "97"]
[EventDate "2021.12.18"]
[EventType "swiss"]
[EventCountry "POL"]
[SourceTitle "playchess.com"]
[Source "ChessBase"]
[SourceQuality "1"]
[TimeControl "900+10"]

1. e4 c5 2. Nf3 Nc6 3. d4 cxd4 4. Nxd4 e5 5. Nb5 d6 6. N1c3 a6 7. Na3 Be6 8. Nd5 Bxd5 9. exd5 Nce7 10. c4 Nf6 11. Qb3 Rb8 12. Be3 Qa5+ 13. Bd2 Qc7 14. Qa4+ Qd7 15. Qb4 Ne4 16. Be3 Nf5 17. Ba7 Rc8 18. Bd3 Nc5 19. Bxf5 Qxf5 20. Bxc5 Rxc5 21. Qxb7 Qe4+ 22. Kf1 Be7 23. b4 Qd4 24. Re1 Rxc4 25. Nxc4 Qxc4+ 26. Kg1 Bd8 27. g3 O-O 28. Kg2 Qxa2 29. Rc1 e4 30. Rhe1 e3 31. Rxe3 Bg5 32. Rce1 Bxe3 33. Rxe3 Qc4 34. Qc6 Qxb4 35. Qxa6 Qc5 36. Qc6 Qxc6 37. dxc6 Rc8 38. Rc3 Kf8 39. Kf3 Ke7 40. Ke4 Ke6 41. Kd4 d5 42. Kc5 d4 43. Rc1 d3 44. Re1+ Kf6 45. Rd1 Ra8 46. Rxd3 Ra2 47. c7 Ke5 48. Re3+ Kf6 49. Rc3 1-0

[Event "European Rapid Championship 2021"]
[Site "Katowice"]
[Date "2021.12.18"]
[Round "5.26"]
[White "Paprocki, Jaroslaw"]
[Black "Gretarsson, Helgi Ass"]
[Result "0-1"]
[ECO "A04"]
[WhiteElo "2165"]
[BlackElo "2476"]
[Annotator "ChessBase"]
[PlyCount "80"]
[EventDate "2021.12.18"]
[EventType "swiss"]
[EventCountry "POL"]
[SourceTitle "playchess.com"]
[Source "ChessBase"]
[SourceQuality "1"]
[TimeControl "900+10"]

1. Nf3 g6 2. d4 Bg7 3. g3 d5 4. Bg2 c6 5. O-O Nf6 6. Na3 O-O 7. c4 Be6 8. Bf4 dxc4 9. Ng5 Bf5 10. e4 Bc8 11. e5 Nd5 12. Nxc4 f6 13.
Nh3 Be6 14. exf6 exf6 15. Bd6 Re8 16. Qc1 Na6 17. a4 Qd7 18.
Nf4 Nxf4 19. Bxf4 Bf8 20. Rd1 Rad8 21. Ne3 Nb4 22. h4 h6 23. Nc2 Bb3 24. Nxb4 Bxb4 25. Rf1 g5 26. hxg5 hxg5 27. Be3 Qf5 28. Qb1 Bc2 29. Qa2+ Kg7 30. Qc4 a5 31. Rfc1 Bd3 32. Qb3 Rh8 33. Rc5 Bxc5 34. dxc5 Ba6 35. Qb6 Qc2 36. Qc7+ Kg6 37. Bf3 Be2 38. Bxe2 Qxe2 39. Kg2 Rd1 40. Rxd1 Qxd1 0-1

[Event "European Rapid Championship 2021"]
[Site "Katowice"]
[Date "2021.12.18"]
[Round "5.27"]
[White "Kjartansson, Gudmundur"]
[Black "Mica, Marek"]
[Result "1/2-1/2"]
[ECO "A15"]
[WhiteElo "2402"]
[BlackElo "2060"]
[Annotator "ChessBase"]
[PlyCount "135"]
[EventDate "2021.12.18"]
[EventType "swiss"]
[EventCountry "POL"]
[SourceTitle "playchess.com"]
[Source "ChessBase"]
[SourceQuality "1"]
[TimeControl "900+10"]

1. c4 Nf6 2. Nf3 e6 3. Nc3 d5 4. d4 dxc4 5. e4 Bb4 6. Bxc4 Nxe4 7. O-O Nxc3 8. bxc3 Be7 9. Ne5 Nc6 10. Qg4 Bf6 11. Ba3 Nxe5 12. dxe5 Bxe5 13. Rad1 Qf6 14. Qe4 Bd6 15. Bb5+ Kf8 16. Rxd6 cxd6 17. Bxd6+ Kg8 18. Rd1 Qg6 19. Be5 h6 20. Qb4 Kh7 21. Rd3 a6 22. Rg3 axb5 23. Rxg6 fxg6 24. Qe7 Rg8 25. h4 Rxa2 26. g4 Re2 27. f4 Rd2 28. h5 gxh5 29. gxh5 Rd7 30. Qh4 Rf7 31. Qg4 Re8 32. Kf2 Bd7 33. Ke3 Bc6 34. Kd4 b6 35.
Ke3 Kg8 36. Qg6 Ree7 37. Kd2 Be8 38. Qg1 Rb7 39. Kc2 Rf5 40. Qg2 Rff7 41. Kb3 Ra7 42.
Qg1 Ra6 43. Qd4 Bc6 44. Qd8+ Kh7 45. Qd3+ Kg8 46. Qd8+ Kh7 47. Qc8 Bd5+ 48. Kb4 Ra5 49. Bd4 Rxf4 50. Qc7 Rxd4+ 51. cxd4 Ra4+ 52. Kxb5 Rxd4 53. Qg3 Be4 54. Kxb6 Rd5 55. Qg4 Bf5 56. Qf3 Kg8 57. Kc6 Kf7 58. Qf2 Kf6 59. Qf4 Rd3 60. Qh4+ Kf7 61. Qf4 Kg8 62. Qf2 Kh7 63. Kc7 Rd5 64. Qg3 Kg8 65. Kc6 Kf7 66. Qf2 Kf6 67. Qh4+ Kf7 68. Qf2 1/2-1/2

[Event "European Rapid Championship 2021"]
[Site "Katowice"]
[Date "2021.12.18"]
[Round "5.27"]
[White "Vingris, Mikelis"]
[Black "Sliwicka, Alicja"]
[Result "0-1"]
[ECO "B56"]
[WhiteElo "1904"]
[BlackElo "2303"]
[Annotator "NA"]
[PlyCount "168"]
[EventDate "2021.12.18"]
[EventType "swiss"]
[EventCountry "POL"]
[SourceTitle "playchess.com"]
[Source "ChessBase"]
[SourceQuality "1"]
[TimeControl "900+10"]

1. e4 c5 2. Nf3 d6 3. d4 cxd4 4. Nxd4 Nf6 5. Nc3 Bd7 6. Be3 Ng4 7. Bc1 Nc6 8. f3 Qb6 9. fxg4 Qxd4 10. Be2 g6 11. Bf3 Bg7 12. a3 Rc8 13.
Qe2 Qc5 14. Bd2 Nd4 15. Qd3 Nb5 16. Be2 Nxc3 17. bxc3 Bxc3 18. Bxc3 Qxc3+ 19. Qxc3 Rxc3 20. Kd2 Rc7 21. Rab1 O-O 22. h3 Rfc8 23. Bd3 Be6 24. Rb4 b6 25. Rhb1 Kg7 26. g5 Bc4 27.
Bxc4 Rxc4 28. Rxc4 Rxc4 29. Kd3 Rc5 30. h4 h6 31. gxh6+ Kxh6 32. g4 Ra5 33. Rb3 f5 34. exf5 gxf5 35. gxf5 Rxf5 36. Ke4 Rc5 37. Kd3 Ra5 38. Rc3 Kh5 39. Ke4 Re5+ 40. Kf4 Kxh4 41. Rc7 a5 42. Rc8 Kh5 43. Rg8 Kh6 44. a4 b5 45. axb5 Rxb5 46. Re8 Re5 47.
Rg8 Kh7 48. Rg1 a4 49. Ra1 Ra5 50. Ra3 Kg6 51. Ke4 Kf6 52. Rf3+ Ke6 53. Ra3 d5+ 54. Kd4 Kd6 55. c3 e5+ 56. Kd3 Kc5 57. Ke3 Kc4 58. Kd2 Ra8 59. Kc2 Kb5 60. Kd3 Rh8 61. Ra1 Rh3+ 62. Kc2 e4 63. Kd2 Rd3+ 64. Kc2 d4 65. Rb1+ Kc5 66. cxd4+ Rxd4 67. Rb8 Rb4 68. Rd8 Kc4 69. Rd7 a3 70. Rc7+ Kd4 71. Ra7 Rb2+ 72. Kc1 Rb3 73. Kc2 Rc3+ 74. Kd2 e3+ 75. Ke2 Rc2+ 76. Kd1 Rc3 77. Ke2 Kc4 78. Rc7+ Kb3 79. Rb7+ Kc2 80. Ra7 Kb2 81. Kd1 a2 82. Rb7+ Rb3 83. Rc7 a1=Q+ 84. Ke2 Qa6+ 0-1

[Event "European Rapid Championship 2021"]
[Site "Katowice"]
[Date "2021.12.18"]
[Round "5.28"]
[White "Kowalczyk, Mariusz"]
[Black "Wiewiora, Eneasz"]
[Result "0-1"]
[ECO "B00"]
[WhiteElo "2047"]
[BlackElo "2333"]
[Annotator "NA"]
[PlyCount "124"]
[EventDate "2021.12.18"]
[EventType "swiss"]
[EventCountry "POL"]
[SourceTitle "playchess.com"]
[Source "ChessBase"]
[SourceQuality "1"]
[TimeControl "900+10"]

1. e4 d6 2. d4 Nf6 3. Nd2 e5 4. c3 g6 5. Ngf3 Nc6 6. dxe5 Nxe5 7. Nxe5 dxe5 8.
Bc4 Bg7 9. O-O O-O 10. h3 c6 11. Qc2 Nh5 12. Nf3 h6 13. Be3 Qf6 14. Be2 Nf4 15. Bxf4 Qxf4 16. Rad1 Be6 17. Nh2 h5 18. b3 Rfd8 19. Bc4 Bxc4 20. bxc4 Bf8 21. g3 Qf6 22. Kg2 Bc5 23. Nf3 Kg7 24. Rxd8 Rxd8 25. Rd1 Rxd1 26. Qxd1 Qe6 27. Qd3 Be7 28. Ne1 h4 29. Nf3 hxg3 30. fxg3 a6 31. a4 Bc5 32. Ng5 Qf6 33. Nf3 Qe7 34. Qd2 Bb6 35. Qg5 Qxg5 36. Nxg5 Ba5 37. Nf3 Bxc3 38. Kf2 f5 39. Ke3 Kf6 40. Kd3 Bb4 41. Ke3 Bc5+ 42. Kd3 Bb6 43. g4 Bc5 44. gxf5 gxf5 45. exf5 Kxf5 46. Nh4+ Kg5 47. Ng2 Bf2 48. Ke4 Kf6 49. Kf3 Bc5 50. Ke4 b5 51. cxb5 cxb5 52. axb5 axb5 53. Ne1 b4 54. Nd3 b3 55. Nb2 Bd4 56. Nc4 b2 57. Nd2 Kg5 58. Kd3 Kh4 59. Kc2 Kxh3 60.
Nf3 Kg3 61. Nxd4 exd4 62. Kxb2 Kf2 0-1

[Event "European Rapid Championship 2021"]
[Site "Katowice"]
[Date "2021.12.18"]
[Round "5.28"]
[White "Kiolbasa, Damian"]
[Black "Chojnacki, Slawomir"]
[Result "0-1"]
[ECO "D35"]
[WhiteElo "1893"]
[BlackElo "2165"]
[Annotator "NA"]
[PlyCount "137"]
[EventDate "2021.12.18"]
[EventType "swiss"]
[EventCountry "POL"]
[SourceTitle "playchess.com"]
[Source "ChessBase"]
[SourceQuality "1"]
[TimeControl "900+10"]

1. d4 d5 2. c4 e6 3. Nc3 Nf6 4. Bf4 Bd6 5. e3 Bxf4 6. exf4 dxc4 7. Bxc4 O-O 8. Nf3 b6 9. O-O Bb7 10. Re1 Nc6 11. Qd2 Ne7 12. Ne5 c5 13.
Rad1 cxd4 14. Qxd4 Qxd4 15. Rxd4 Nc6 16. Rd6 Rac8 17. Nxf7 Rxf7 18. Bxe6 Rcc7 19. Nd5 Kf8 20. Bxf7 Rxf7 21. Nxf6 Rxf6 22. Rxf6+ gxf6 23. f3 Kf7 24. Kf2 Nb4 25. Kg3 a5 26.
Rc1 Nd5 27. b3 Ke6 28. Rc4 Kd6 29. Kh4 b5 30. Rd4 Bc8 31. g4 Kc5 32. Re4 Kd6 33. f5 Nc3 34. Re8 Bd7 35. Ra8 a4 36. bxa4 bxa4 37. a3 Nb1 38. g5 Bc6 39. Ra6 fxg5+ 40. Kxg5 Nd2 41. f6 Nxf3+ 42. Kh6 Ne5 43. Kg7 h5 44. f7 Nxf7 45. Kxf7 Kc5 46. Kg6 Be8+ 47. Kg5 Kc4 48. Re6 Bf7 49. Rb6 Kc3 50. h4 Bb3 51. Kxh5 Kb2 52. Kg5 Kxa3 53. h5 Bc2 54. h6 Ka2 55. Kf4 a3 56. Ke3 Ka1 57. Kd2 Bf5 58. Rf6 Be4 59. Re6 Bf5 60. Re5 Bg6 61. Rg5 Be4 62. Rg4 Bf5 63. Rf4 Bg6 64. Kc3 a2 65. Rh4 Bh7 66. Rh2 Be4 67. h7 Kb1 68. Rb2+ Kc1 69. Rxa2 0-1

[Event "European Rapid Championship 2021"]
[Site "Katowice"]
[Date "2021.12.18"]
[Round "5.29"]
[White "Morkunas, Gustas"]
[Black "Reimanis, Ritvars"]
[Result "1-0"]
[ECO "C10"]
[WhiteElo "1907"]
[BlackElo "2397"]
[Annotator "NA"]
[PlyCount "44"]
[EventDate "2021.12.18"]
[EventType "swiss"]
[EventCountry "POL"]
[SourceTitle "playchess.com"]
[Source "ChessBase"]
[SourceQuality "1"]
[TimeControl "900+10"]

1. e4 e6 2. d4 d5 3. Nc3 c6 4. a3 f5 5. exf5 exf5 6. Nf3 Nf6 7. Bd3 Bd6 8.
Ne2 Qc7 9. c4 Qe7 10. O-O O-O 11. Nf4 dxc4 12. Bxc4+ Kh8 13. Ng5 Ng4 14. h4 b5 15. Bb3 Na6 16. Re1 Qf6 17. g3 Bd7 18. Nh5 Qg6 19. Nf4 Qf6 20.
Nh5 Qg6 21. Nf4 Qf6 22. Nh5 Qg6 1-0

[Event "European Rapid Championship 2021"]
[Site "Katowice"]
[Date "2021.12.18"]
[Round "5.29"]
[White "Parol, Pola"]
[Black "Czerw, Dawid"]
[Result "0-1"]
[ECO "B35"]
[WhiteElo "1892"]
[BlackElo "2158"]
[Annotator "NA"]
[PlyCount "74"]
[EventDate "2021.12.18"]
[EventType "swiss"]
[EventCountry "POL"]
[SourceTitle "playchess.com"]
[Source "ChessBase"]
[SourceQuality "1"]
[TimeControl "900+10"]

1. e4 c5 2. Nf3 Nc6 3. d4 cxd4 4. Nxd4 g6 5. Nc3 Bg7 6. Be3 Nf6 7. Bc4 O-O 8. Bb3 d6 9. f3 Bd7 10. Qd2 Nxd4 11. Bxd4 b5 12. a4 bxa4 13. Nxa4 Bc6 14. O-O Nd7 15. Bxg7 Kxg7 16. Kh1 f6 17. Qd4 Qc7 18. Rfd1 Rab8 19. Rd2 a5 20. Bd5 Rfc8 21. b3 Rb4 22. Qe3 Bxa4 23. Rxa4 Rxa4 24. bxa4 Qc3 25. Qxc3 Rxc3 26. Kg1 Nc5 27. Bb3 f5 28. exf5 gxf5 29. Kf2 Kf6 30. Rd1 Nxb3 31. cxb3 Rxb3 32. Rd5 Rb2+ 33. Kg3 f4+ 34. Kh3 Ke6 35. Rxa5 d5 36. Ra8 d4 37. g3 Ra2 0-1